 Dungeon Crawl Stone Soup version 0.26.1-11-gd32895ea62 (webtiles) character file.

Game seed: 12776551179043303402

187 Zeld the Slasher (level 5, -6/38 HPs)
             Began as a Human Gladiator on June 4, 2021.
             Shot with an arrow by a centaur (10 damage)
             ... on level 5 of the Dungeon.
             The game lasted 00:03:44 (2744 turns).

Zeld the Slasher (Human Gladiator)                  Turns: 2744, Time: 00:03:44

Health: -6/38      AC:  5    Str: 16    XL:     5   Next: 99%
Magic:  5/5        EV: 13    Int:  8    God:
Gold:   119        SH:  0    Dex: 14    Spells: 4/4 levels left

rFire    . . .     SeeInvis .   a - +0 long sword
rCold    . . .     Faith    .   (no shield)
rNeg     . . .     Spirit   .   b - +0 leather armour
rPois    .         Reflect  .   c - +0 helmet
rElec    .         Harm     .   (no cloak)
rCorr    .         Rampage  .   g - +0 pair of gloves
Will     .....                  (no boots)
Stlth    +.........             (no amulet)
HPRegen  0.12/turn              (no ring)
MPRegen  0.09/turn              (no ring)

@: no status effects
A: no striking features
a: no special abilities


You were on level 5 of the Dungeon.
You visited 1 branch of the dungeon, and saw 5 of its levels.

You collected 119 gold pieces.

Inventory:

Hand Weapons
 a - a +0 long sword (weapon)
Missiles
 d - 3 throwing nets
 k - 12 poisoned darts (quivered)
Armour
 b - a +0 leather armour (worn)
 c - a +0 helmet (worn)
 g - a +0 pair of gloves (worn)
Scrolls
 e - 2 scrolls of remove curse {unknown}
 i - 3 scrolls of teleportation {unknown}
 l - a scroll of amnesia {unknown}
 m - a scroll of immolation {unknown}
 n - a scroll of identify {unknown}
 p - a scroll of enchant weapon {unknown}
 q - a scroll of noise {unknown}
Potions
 f - a potion of curing {unknown}
 h - a potion of haste {unknown}
 j - 2 potions of degeneration {unknown}
 o - a potion of attraction {unknown}
 r - a potion of mutation {unknown}


   Skills:
 - Level 2.0 Fighting
 * Level 6.2 Long Blades
 - Level 2.0 Throwing
 - Level 3.0 Dodging


You had 4 spell levels left.
You didn't know any spells.
Your spell library was empty.

Dungeon Overview and Level Annotations

Branches:
Dungeon (6/15)
 Temple: D:4-7

Altars:
Cheibriados
Hepliaklqana
Ru
Uskayaw


Message History

You closely miss the hound.
The hound is severely wounded.
The hound closely misses you.
You riposte.
You hit the hound.
The hound is almost dead.
The hound bites you but does no damage.
You hit the hound.
You kill the hound!
Your Long Blades skill increases to level 6!
A centaur comes into view.
The centaur shouts!
The centaur wields a +0 shortbow.
The centaur shoots an arrow.
The arrow hits you.
You see here an arrow.
The centaur shoots an arrow.
The arrow hits you!
* * * LOW HITPOINT WARNING * * *
You see here an arrow.
The centaur shoots an arrow.
The arrow barely misses you.
The centaur shoots an arrow.
The arrow misses you.
The centaur shoots an arrow.
The arrow hits you!
You die...

... ...# #.. ... . ###.. c.##
..#....###...#
...................
................#
#..........>.$..# #
#...........@..## #.
#..#.........(..# # #..
#.:.#.......(.(## ..
##.###..#...........## ...
#.........##.........# ....
...#..............#..###.....
#.##...#...............$.....
#...>.##....#[...............
#.....##....#................


You could see a centaur.

Vanquished Creatures
  A hound (D:5)
  An orc wizard (D:2)
  A worker ant (D:2)
  2 adders
  A shadow imp (D:5)
  4 dart slugs
  3 leopard geckos (D:1)
  4 giant cockroaches
  6 goblins
  10 hobgoblins
  4 jackals (D:5)
  2 quokkas (D:3)
  A ball python (D:1)
  5 bats
  4 frilled lizards
  A giant cockroach zombie (D:5)
  8 kobolds
  5 rats
63 creatures vanquished.

Notes
Turn   | Place    | Note
-------+----------+-------------------------------------------
     0 | D:1      | Zeld the Human Gladiator began the quest for the Orb.
     0 | D:1      | Reached XP level 1. HP: 16/16 MP: 1/1
   104 | D:1      | Reached XP level 2. HP: 17/22 MP: 2/2
   382 | D:1      | Reached skill level 4 in Long Blades
   382 | D:1      | Reached XP level 3. HP: 26/27 MP: 3/3
  1005 | D:2      | Found a sacrificial altar of Ru.
  1013 | D:2      | Reached skill level 5 in Long Blades
  1013 | D:2      | Reached XP level 4. HP: 33/33 MP: 4/4
  1105 | D:2      | Reached XP level 5. HP: 21/38 MP: 5/5
  1601 | D:3      | Found a hide-covered altar of Uskayaw.
  1872 | D:3      | Found a hazy altar of Hepliaklqana.
  1872 | D:3      | Found a snail-covered altar of Cheibriados.
  2241 | D:3      | You fall into a shaft and drop 3 floors!
  2252 | D:5      | Entered Level 5 of the Dungeon
  2736 | D:5      | Reached skill level 6 in Long Blades
  2741 | D:5      | Noticed a centaur
  2744 | D:5      | Shot with an arrow by a centaur

Illustrated notes

Levels and vault maps discovered:
D:1:      dpeg_arrival_pits, layout_basic
D:2:      layout_rooms, nicolae_ru_great_annihilating_truth
D:3:      layout_basic, overflow_temple_1_default,
          gammafunk_temple_overflow_wave
D:5:      layout_cave_pools, gammafunk_temple_overflow_forgotten,
          minmay_temple_entry_poolview
D:6:      layout_loops_ring, gammafunk_ghost_stat_death, uniq_menkaure

Skill      XL: |  1  2  3  4  5 |
---------------+----------------+-----
Long Blades    | 4 5 6 |  6.2
Fighting       | |  2.0
Throwing       | |  2.0
Dodging        | |  3.0

Action                   |  1- 3 |  4- 6 || total
-------------------------+-------+-------++-------
Melee: Long sword        |    86 |    84 ||   170
 Stab: Paralysed         |       |     1 ||     1
       Sleeping          |       |     1 ||     1
Armor: Leather armour    |    33 |    26 ||    59
Dodge: Dodged            |    64 |    65 ||   129
       Rpst.: Long sword |    20 |    17 ||    37
